 Dungeon Crawl Stone Soup version 0.28.0-53-g5a82cb258f (webtiles) character file.

Game seed: 1676130676533794659

46 H0rd4k the Charlatan (level 3, 0/26 HPs)
             Began as a Human Artificer on May 24, 2022.
             Slain by an adder (1 damage)
             ... on level 3 of the Dungeon.
             The game lasted 00:01:50 (2675 turns).

H0rd4k the Charlatan (Human Artificer)              Turns: 2675, Time: 00:01:50

Health: 0/26       AC:  4    Str: 14    XL:     3   Next: 92%
Magic:  3/3        EV: 11    Int: 11    God:
Gold:   56         SH:  0    Dex: 13    Spells: 2/2 levels left

rFire   . . .      SeeInvis .   i - +0 dagger (flame)
rCold   . . .      Faith    .   (no shield)
rNeg    . . .      Spirit   .   b - +0 leather armour
rPois   .          Reflect  .   (no helmet)
rElec   .          Harm     .   (no cloak)
rCorr   .          Rampage  .   (no gloves)
Will    .....                   a - +0 pair of boots
Stlth   ++........              (no amulet)
HPRegen 0.08/turn               (no ring)
MPRegen 0.08/turn               (no ring)

@: no status effects
A: no striking features
a: no special abilities


You were on level 3 of the Dungeon.
You visited 1 branch of the dungeon, and saw 3 of its levels.

You collected 56 gold pieces.

Inventory:

Hand Weapons
 f - a +0 falchion
 i - a +0 dagger of flaming (weapon)
Armour
 a - a +0 pair of boots (worn)
 b - a +0 leather armour (worn)
Wands
 c - a wand of flame (12) (quivered)
 d - a wand of charming (14)
Scrolls
 g - a scroll of silence {unknown}
 h - a scroll of vulnerability {unknown}
Miscellaneous
 e - a piece from Xom's chessboard (15/15)


   Skills:
 + Level 1.1 Fighting
 + Level 0.4(0.7) Short Blades
 + Level 0.8(1.0) Long Blades
 + Level 0.1 Maces & Flails
 + Level 2.1 Armour
 + Level 1.7 Dodging
 + Level 1.5 Stealth
 + Level 3.5 Evocations


You had 2 spell levels left.
You didn't know any spells.
Your spell library contained the following spells:

 Spells                   Type           Power      Damage    Failure   Level
 Freeze                   Ice            0%         1d3       41%         1
 Ensorcelled Hibernation  Hex/Ice        0%         N/A       54%         2
 Passwall                 Tmut/Erth      0%         N/A       54%         2
 Frozen Ramparts          Ice            0%         1d2       78%         3
 Swiftness                Air            0%         N/A       78%         3
 Hailstorm                Conj/Ice       0%         3d3       99%         4


Dungeon Overview and Level Annotations

Branches:
Dungeon (3/15)

Altars:

Annotations:
D:1 exclusion: downstairs
D:2 Terence


Message History

An adder comes into view.
The orc barely misses you.
You hit the orc. You burn the orc.
You kill the orc!
You hit the orc. You burn the orc.
The orc is severely wounded.
You closely miss the orc.
The orc is moderately wounded.
You hit the orc. You burn the orc.
The orc is heavily wounded.
The orc barely misses you.
You closely miss the orc.
The orc is heavily wounded.
The orc hits you with a +0 hand axe.
You closely miss the orc.
The orc is heavily wounded.
The adder closely misses you. The orc barely misses you.
The adder closely misses you.
You hit the orc. You burn the orc.
The orc is almost dead.
The orc barely misses you. The adder closely misses you.
You closely miss the orc.
The orc is almost dead.
The adder closely misses you. The orc closely misses you.
You hit the orc but do no damage.
The orc is almost dead.
The adder bites you. The orc closely misses you.
You hit the orc. You burn the orc.
You kill the orc!
The adder barely misses you. The adder bites you but does no damage.
You hit the orc. You burn the orc.
You kill the orc!
The adder barely misses you.
You barely miss the adder. The adder bites you but does no damage.
You barely miss the adder. The adder bites you.
* * * LOW HITPOINT WARNING * * *
You hit the adder but do no damage. The adder bites you.
* * * LOW HITPOINT WARNING * * *
The adder bites you.
You die...

. ##### .. #...# ...
#...# ..
..##.#####)..#######.#
.......S@)...........#
.....#####...#.......#
### #...<.......#
#..........##
####.......# #.......#
#.####.... ... .####
...) ..


You could see an adder.

Vanquished Creatures
  A worm (D:2)
  5 orcs (D:3)
  2 ball pythons (D:2)
  3 endoplasms (D:2)
  2 giant cockroaches (D:1)
  6 goblins
  3 hobgoblins
  A quokka (D:2)
  3 bats
  3 frilled lizards (D:2)
  2 kobolds
  5 rats
36 creatures vanquished.

Notes
Turn   | Place    | Note
-------+----------+-------------------------------------------
     0 | D:1      | H0rd4k the Human Artificer began the quest for the Orb.
     0 | D:1      | Reached XP level 1. HP: 15/15 MP: 1/1
   631 | D:1      | Reached XP level 2. HP: 21/21 MP: 2/2
   899 | D:1      | Found a faded altar of an unknown god.
  1639 | D:2      | Reached XP level 3. HP: 18/26 MP: 3/3
  1900 | D:2      | Noticed Terence
  2675 | D:3      | HP: 1/26 [adder (4)]
  2675 | D:3      | Slain by an adder

Illustrated notes

Levels and vault maps discovered:
D:1:      dpeg_arrival_central, layout_basic, shapermc_ecumenical_altar_ellora
D:2:      layout_loops_ring, uniq_terence
D:3:      layout_basic, serial_bayou_pond_d, st_stairs_1, uniq_ijyb

Action                   || total
-------------------------++-------
Melee: Falchion          ||   107
       Club              ||     8
       Dagger            ||    25
Evoke: Wand              ||     4
 Stab: Sleeping          ||     2
Armor: Leather armour    ||    48
Dodge: Dodged            ||    96
